 Dungeon Crawl Stone Soup version 0.30.0-20-g3b4254fcbd (webtiles) character file.

Game seed: 15249655693031148407

85636 olmar the Bludgeoner (level 15, 0/208 HPs)
             Began as an Armataur Fighter on June 2, 2023.
             Was an Initiate of Gozag.
             Slain by a polar bear (4 damage)
             ... on level 3 of the Lair of Beasts.
             The game lasted 00:21:29 (16749 turns).

olmar the Bludgeoner (Armataur Fighter)            Turns: 16749, Time: 00:21:30

Health: 0/208      AC: 27    Str: 28    XL:     15   Next: 38%
Magic:  15/15      EV:  1    Int:  9    God:    Gozag
Gold:   193        SH: 11    Dex: 10    Spells: 14/14 levels left

rFire   . . .        A - +3 flail (drain)
rCold   . . .        S - +0 kite shield
rNeg    + . .        a - melded +3 scale mail {rPois}
rPois   +            e - melded +2 hat
rElec   .            (cloak currently unavailable)
rCorr   .            (gloves currently unavailable)
SInv    .            (no barding)
Will    ++...        g - amulet of the acrobat
Stlth   +            E - ring of positive energy
HPRegen 0.54/turn    O - ring of willpower
MPRegen 0.14/turn

%: acrobat, roll
@: lethally poisoned (0 -> -7), tree-form, gold aura, invisible
A: stationary, stasis, torment immunity, boosted hp, large, rugged brown scales
3, (deformed body), (armoured tail), roll, long tongue, awkward tongue
a: Renounce Religion, Potion Petition, Call Merchant, Bribe Branch


You were on level 3 of the Lair of Beasts.
You worshipped Gozag.
Gozag was aware of your devotion.
You were a tree.
You visited 2 branches of the dungeon, and saw 13 of its levels.

You collected 3324 gold pieces.
You spent 434 gold pieces at shops.
You paid 2697 gold pieces to Gozag.

Inventory:

Hand Weapons
 b - a -1 demon whip of venom
 A - a +3 flail of draining (weapon)
 B - the +1 whip of Heciqoto {holy, rCorr Int+2 Stlth+}
   (You found it on level 5 of the Dungeon)

   Int:       It affects your intelligence (+2).
   rCorr:     It protects you from acid and corrosion.
   Stlth:     It makes you more stealthy.
Missiles
 n - a throwing net
 F - 6 boomerangs of dispersal
 I - 31 poisoned darts (quivered)
 N - 4 javelins
 R - 2 curare-tipped darts
Armour
 a - a +3 scale mail of poison resistance (melded)
 e - a +2 hat (melded)
 y - a +3 ring mail of cold resistance
 P - +0 fire dragon scales
 S - a +0 kite shield (worn)
Jewellery
 g - an amulet of the acrobat (around neck)
 w - a +4 ring of protection
 E - a ring of positive energy (left branch)
 O - a ring of willpower (right branch)
Wands
 K - a wand of flame (32)
 Q - a wand of iceblast (11)
 V - a wand of polymorph (10)
Scrolls
 f - a scroll of silence
 i - 4 scrolls of noise
 m - 2 scrolls of immolation
 o - 3 scrolls of poison
 s - a scroll of blinking {unknown}
 t - 4 scrolls of amnesia
 u - 5 scrolls of enchant armour
 v - 4 scrolls of enchant weapon
 J - a scroll of acquirement {unknown}
 M - a scroll of fog {unknown}
 T - 2 scrolls of brand weapon {unknown}
 U - a scroll of vulnerability {unknown}
 W - 2 scrolls of fear {unknown}
 Z - 2 scrolls of identify
Potions
 l - 4 potions of resistance
 p - 3 potions of haste
 q - a potion of magic
 z - 4 potions of mutation
 C - a potion of ambrosia {unknown}
 D - 3 potions of degeneration
 G - 3 potions of might
 H - 3 potions of brilliance
 X - a potion of cancellation {unknown}
 Y - 2 potions of attraction {unknown}


   Skills:
 + Level 11.6 Fighting
 + Level 15.1 Maces & Flails
 + Level 6.3 Throwing
 + Level 9.6 Armour
 + Level 10.8 Shields
 + Level 3.6 Evocations


You had 14 spell levels left.
You didn't know any spells.
Your spell library contained the following spells:

 Spells                   Type           Power      Damage    Failure   Level
 Summon Small Mammal      Summ           0%         N/A       54%         1
 Ensorcelled Hibernation  Hex/Ice        0%         N/A       67%         2
 Call Canine Familiar     Summ           0%         N/A       88%         3
 Ozocubu's Armour         Ice            0%         N/A       88%         3
 Spider Form              Tmut/Pois      0%         N/A       88%         3
 Summon Guardian Golem    Hex/Summ       0%         N/A       88%         3
 Anguish                  Hex/Necr       0%         N/A       99%         4
 Metabolic Englaciation   Hex/Ice        0%         N/A       100%        5
 Simulacrum               Ice/Necr       Unusable   N/A       N/A         6

Dungeon Overview and Level Annotations

Branches:
Dungeon (10/15)            Temple (0/1) D:7            Lair (3/5) D:10
 Shoals (0/4) Lair:2
  Snake: Lair:2-3    Spider: Lair:2-3       Orc: D:9-12

Altars:
Ashenzari
Cheibriados
Gozag
Hepliaklqana
Sif Muna
Trog
Uskayaw
Wu Jian
Xom
Zin
The Shining One

Shops:
D:3 ?   Lair:2 [((

Annotations:
D:7 2 transporters, monsoonserge's ghost, novice HOFi


Innate Abilities, Weirdness & Mutations

You are a tree.
Your roots penetrate the ground, keeping you stationary.
You cannot be teleported.
You are immune to unholy pain and torment.
Your maximum health is greatly increased.
Your equipment is partially melded.
(You are completely covered in rugged brown scales. (AC +3, +7% HP))
((Armour fits poorly on your strangely shaped body.))
((You have a long armoured tail.))
You roll when moving toward enemies. (Rampage)
Your long tongue fully drains potion bottles. (2x potion effects)
Your tongue gives you trouble enunciating. (1.5x scroll delay)


Message History

You feel very sick. You block the bullfrog's attack.
You block the redback's attack.
The bullfrog hits you but does no damage.
The redback bites you.
* * * LOW HITPOINT WARNING * * *
Unknown command.
You sock the redback!
You kill the redback!
* * * LOW HITPOINT WARNING * * *
You feel very sick. The bullfrog hits you.
* * * LOW HITPOINT WARNING * * *
Unknown command.
It was a potion of invisibility.
You fade into invisibility!
You slurp down every last drop of the potion of invisibility!
* * * LOW HITPOINT WARNING * * *
You feel very sick.
The bullfrog hits you but does no damage.
Unknown command.
It was a potion of experience.
You feel more experienced!
Your Maces & Flails skill increases to level 15!
Your Throwing skill increases to level 6!
Your Armour skill increases to level 9!
Your Evocations skill gained 3 levels and is now at level 3!
You slurp down every last drop of the potion of experience!
You have reached level 14!
You have reached level 15!
Your experience leads to an increase in your attributes!
Increase (S)trength, (I)ntelligence, or (D)exterity?
You feel stronger. x2
* * * LOW HITPOINT WARNING * * *
You feel very sick. You block the bullfrog's attack. The polar bear bites you.
* * * LOW HITPOINT WARNING * * *
The polar bear claws you but does no damage.
The polar bear claws you.
You die...
Your body crumbles into a pile of gold.

#### ##..######## #.$
.####.§.#♣##...####..
........hF.=.........
####
.......≈≈≈≈......=...
.... $
>.....≈≈≈≈≈≈.........
....
###..≈≈≈≈≈≈≈≈.#.#####
#... #..≈≈≈≈≈≈≈≈..##
#... #..≈≈§§≈§≈§.##
#... #...≈≈≈§≈§≈≈.#
#...
#....≈≈≈≈§≈§.#######
##..


You could see a polar bear (unable to see you) and a bullfrog (unable to see
you).

Vanquished Creatures
  Gastronok (Lair:2)
  Erica (D:10)
  3 catoblepae
  7 two-headed ogres
  Amaemon (Lair:3)
  An orc knight (D:9)
  An oklob plant (Lair:1)
  A cyclops (D:9)
  8 elephants (Lair:1)
  2 black mambas
  An orange demon (Lair:3)
  A gargoyle (D:10)
  4 cane toads
  2 rime drakes (Lair:1)
  2 kobold demonologists (D:9)
  Maggie (D:8)
  A komodo dragon (Lair:1)
  4 trolls
  A hornet (D:8)
  Grinder (D:4)
  13 blink frogs
  A dream sheep (Lair:3)
  A culicivora (Lair:3)
  Sigmund (D:4)
  A jumping spider (Lair:3)
  A wyvern (Lair:1)
  A wraith (D:10)
  26 yaks
  A redback (Lair:3)
  A steam dragon (D:9)
  An acid dragon (D:8)
  12 wargs (D:9)
  Edmund (D:4)
  8 water moccasins
  6 orc warriors
  2 sky beasts
  2 black bears
  14 wolves
  A centaur (D:10)
  2 ogres (D:6)
  5 phantoms
  6 kobold brigands
  5 gnoll sergeants
  8 bullfrogs
  4 scorpions
  3 wights (D:9)
  15 killer bees (D:8)
  9 howler monkeys
  6 electric eels
  8 hounds
  A jelly (D:4)
  11 orc priests
  4 gnoll boudas
  An iron imp (D:8)
  2 iguanas
  17 orc wizards
  24 gnolls
  6 adders
  5 shadow imps
  A white imp (D:5)
  2 ufetubi
  2 worms (D:3)
  2 dart slugs (D:3)
  31 orcs
  3 endoplasms
  5 giant cockroaches
  9 goblins
  10 hobgoblins
  4 jackals
  A quokka (D:1)
  6 ball pythons
  6 bats
  2 frilled lizards
  11 kobolds
  7 rats
382 creatures vanquished.

Vanquished Creatures (others)
  An orc wizard (D:7)
1 creature vanquished.

Grand Total: 383 creatures vanquished

Notes
Turn   | Place    | Note
-------+----------+-------------------------------------------
     0 | D:1      | olmar the Armataur Fighter began the quest for the Orb.
     0 | D:1      | Reached XP level 1. HP: 19/19 MP: 1/1
   229 | D:1      | Reached XP level 2. HP: 26/26 MP: 2/2
   412 | D:1      | Reached skill level 2 in Maces & Flails
   877 | D:2      | Reached XP level 3. HP: 33/33 MP: 3/3
   933 | D:2      | Identified the +2 leather armour "Wergh" {Str+7}
  1243 | D:2      | Found a faded altar of an unknown god.
  1485 | D:3      | Reached XP level 4. HP: 39/40 MP: 4/4
  1511 | D:3      | Reached skill level 3 in Maces & Flails
  1814 | D:3      | Found Bidgh's Magic Scroll Emporium.
  1821 | D:3      | Bought a scroll of identify for 20 gold pieces
  1821 | D:3      | Bought a scroll of amnesia for 40 gold pieces
  1821 | D:3      | Bought a scroll of enchant armour for 75 gold pieces
  1895 | D:3      | Found a glowing silver altar of Zin.
  1944 | D:3      | Reached XP level 5. HP: 35/48 MP: 5/5
  2010 | D:4      | Reached skill level 4 in Maces & Flails
  2299 | D:4      | Noticed Grinder
  2315 | D:4      | Killed Grinder
  2316 | D:4      | Reached skill level 5 in Maces & Flails
  2316 | D:4      | Reached XP level 6. HP: 38/55 MP: 6/6
  2456 | D:4      | Noticed Sigmund
  2464 | D:4      | Killed Sigmund
  2465 | D:4      | Reached XP level 7. HP: 35/63 MP: 7/7
  2589 | D:4      | Noticed Edmund
  2595 | D:4      | Killed Edmund
  2596 | D:4      | Reached skill level 6 in Maces & Flails
  2879 | D:4      | Found an ornate altar of the Wu Jian Council.
  2879 | D:4      | Found a glowing golden altar of the Shining One.
  2879 | D:4      | Found an opulent altar of Gozag.
  2881 | D:4      | Found a hazy altar of Hepliaklqana.
  2881 | D:4      | Found a shimmering altar of Xom.
  2881 | D:4      | Found a bloodstained altar of Trog.
  2883 | D:4      | Found a shimmering blue altar of Sif Muna.
  2883 | D:4      | Found a broken altar of Ashenzari.
  2883 | D:4      | Found a hide-covered altar of Uskayaw.
  3172 | D:4      | Became a worshipper of Gozag Ym Sagoz the Greedy
  3220 | D:5      | Entered Level 5 of the Dungeon
  3226 | D:5      | Reached XP level 8. HP: 58/71 MP: 8/8
  3248 | D:5      | Reached skill level 5 in Armour
  3253 | D:5      | Reached skill level 7 in Maces & Flails
  3253 | D:5      | Reached skill level 5 in Shields
  3392 | D:5      | Identified the +1 whip of Heciqoto {holy, rCorr Int+2
                  | Stlth+}
  3827 | D:5      | Reached skill level 8 in Maces & Flails
  4066 | D:6      | Reached skill level 5 in Fighting
  4498 | D:6      | Reached XP level 9. HP: 61/79 MP: 9/9
  4655 | D:6      | Reached skill level 9 in Maces & Flails
  5479 | D:7      | Reached skill level 10 in Maces & Flails
  5748 | D:7      | Reached XP level 10. HP: 47/89 MP: 10/10
  6265 | D:7      | Noticed a gargoyle
  6268 | D:7      | Found a transporter.
  6272 | D:7      | Noticed monsoonserge's ghost (novice HOFi)
  6277 | D:7      | Found a transporter.
  6444 | D:7      | Found a staircase to the Ecumenical Temple.
  6985 | D:8      | Reached skill level 11 in Maces & Flails
  7248 | D:8      | Noticed a two-headed ogre
  7256 | D:8      | Killed a two-headed ogre
  7303 | D:8      | Noticed Maggie
  7312 | D:8      | Killed Maggie
  7494 | D:8      | Noticed a two-headed ogre
  7502 | D:8      | Killed a two-headed ogre
  8075 | D:8      | Found a snail-covered altar of Cheibriados.
  8260 | D:9      | Identified the +3 rapier of the Brain {flame, rC+}
  8411 | D:9      | Reached XP level 11. HP: 99/99 MP: 11/11
  8419 | D:9      | Reached skill level 1 in Throwing
  8462 | D:9      | Noticed a two-headed ogre
  8468 | D:9      | Noticed a two-headed ogre
  8469 | D:9      | Killed a two-headed ogre
  8676 | D:9      | Reached skill level 12 in Maces & Flails
  8696 | D:9      | Noticed an orc knight
  9149 | D:9      | Killed an orc knight
  9161 | D:9      | Killed a two-headed ogre
  9619 | D:9      | Noticed a two-headed ogre
  9640 | D:9      | Killed a two-headed ogre
  9910 | D:9      | HP: 2/101 [ice devil[a kobold demonologist] (19)]
  9911 | D:9      | Noticed a sun demon
 10336 | D:9      | Reached skill level 13 in Maces & Flails
 10989 | D:10     | Entered Level 10 of the Dungeon
 11007 | D:10     | Noticed a two-headed ogre
 11016 | D:10     | Killed a two-headed ogre
 11174 | D:10     | Noticed Erica
 11207 | D:10     | Killed Erica
 11208 | D:10     | Reached XP level 12. HP: 66/111 MP: 12/12
 11345 | D:10     | Found a staircase to the Lair.
 11388 | D:10     | Noticed a catoblepas
 11422 | D:10     | Killed a catoblepas
 11661 | D:10     | Identified the +1 leather armour of Lilacs {Harm rElec
                  | Dex-2 Slay+5}
 11728 | D:10     | Noticed a two-headed ogre
 11735 | D:10     | Killed a two-headed ogre
 12418 | Lair:1   | Entered Level 1 of the Lair of Beasts
 13037 | Lair:1   | Reached skill level 14 in Maces & Flails
 13112 | Lair:1   | Found a bloodstained altar of Trog.
 13254 | Lair:1   | Reached skill level 10 in Fighting
 14233 | Lair:1   | Noticed a catoblepas
 14249 | Lair:1   | Killed a catoblepas
 14250 | Lair:1   | Reached XP level 13. HP: 89/121 MP: 13/13
 14684 | Lair:2   | Noticed Gastronok
 14685 | Lair:2   | Reached skill level 5 in Throwing
 14711 | Lair:2   | Killed Gastronok
 15000 | Lair:2   | Found a staircase to the Shoals.
 15997 | Lair:2   | Bought a +3 scale mail of poison resistance for 299 gold
                  | pieces
 16038 | Lair:3   | Noticed Amaemon
 16055 | Lair:3   | Killed Amaemon
 16065 | Lair:3   | Reached skill level 10 in Shields
 16748 | Lair:3   | HP: 9/186 [poisoned by a redback]
 16749 | Lair:3   | Reached skill level 15 in Maces & Flails
 16749 | Lair:3   | Reached XP level 14. HP: 10/132 MP: 14/14
 16749 | Lair:3   | Reached XP level 15. HP: 10/139 MP: 15/15
 16749 | Lair:3   | HP: 4/208 [polar bear (4)]
 16749 | Lair:3   | Slain by a polar bear

Illustrated notes

Levels and vault maps discovered:
D:1:      eino_arrival_druids_welcome, layout_basic, minmay_cut_off
D:2:      layout_basic, shapermc_ecumenical_altar_notcrosses, minmay_ruptured
D:3:      layout_rooms, lemuel_crystal_altar, serial_shops, nicolae_shop_trees
D:4:      minmay_chambers_of_twos, layout_basic, nicolae_overflows_in_rows,
          uniq_grinder, uniq_sigmund, uniq_edmund
D:5:      nicolae_cairo_tiling_large_dashed, layout_rooms
D:6:      layout_basic, chequers_big_river,
          nicolae_concentric_dashed_squares_mild
D:7:      layout_cave_pods, temple_fountains, gammafunk_ghost_arena,
          nrook_loot_triangle
D:8:      layout_gridville, slow_altar_2, uniq_maggie
D:9:      lemuel_castle_with_subvaults [lemuel_castle_interior_carwin_2],
          layout_irregular_city
D:10:     layout_loops_ring, erik_lair_island, uniq_erica
Lair:1:   layout_cave_pods, basic_altar, infiniplex_staircase_pool_2
Lair:2:   layout_loops_ring, shoals_dummy_entry, lemuel_fruit_tree,
          serial_bayou_shore_a, uniq_gastronok
Lair:3:   layout_long_grid, nicolae_spider_entry_tight_spaces,
          ebering_ghost_inner_flame, nicolae_quartered_pool_impasse,
          chequers_serial_rivers_room_b, infiniplex_staircase_pool, uniq_amaemon

Skill      XL: |  1  2  3  4  5  6  7  8  9 10 11 12 13 |
---------------+----------------------------------------+-----
Maces & Flails | 2 3 5 6 8 10 11 13 14 15 | 15.1
Armour         | 4 5 6 7 8 9 |  9.6
Fighting       | 3 4 5 6 7 9 10 11 | 11.6
Shields        | 4 5 6 7 8 9 10 | 10.8
Throwing       | 2 4 6 |  6.3
Evocations     | 3 |  3.6

Action                     |  1- 3 |  4- 6 |  7- 9 | 10-12 | 13-15 || total
---------------------------+-------+-------+-------+-------+-------++-------
  Melee: Flail             |   126 |   126 |   259 |   756 |   153 ||  1420
         Tailslap          |     8 |    11 |    34 |   108 |    27 ||   188
         Whip              |       |       |    10 |    10 |    15 ||    35
  Throw: Throwing net      |       |       |       |     5 |       ||     5
         Dart              |       |       |       |    57 |     3 ||    60
 Invoke: Potion Petition   |       |       |       |     1 |       ||     1
         Call Merchant     |       |       |       |       |     3 ||     3
  Evoke: Wand              |       |       |       |       |     6 ||     6
    Use: Scroll            |     2 |       |     9 |     8 |     2 ||    21
         Potion            |       |     1 |     1 |    11 |     4 ||    17
   Stab: Distracted        |       |       |     1 |     3 |       ||     4
         Held in net/web   |       |       |       |     1 |       ||     1
 Armour: Scale mail        |    57 |       |       |       |    49 ||   106
         Leather armour    |    44 |    52 |   101 |   250 |    13 ||   460
         Skin              |       |       |       |    45 |     3 ||    48
  Dodge: Dodged            |    59 |    57 |    94 |   326 |    36 ||   572
  Block: Buckler           |    26 |    23 |    59 |   182 |     8 ||   298
         Kite shield       |       |       |       |       |    48 ||    48
